 Dungeon Crawl Stone Soup version 0.24-a0-252-g5076262 (webtiles) character file.

Game seed: 1155437980606367987

6316 Borgoz the Slicer (level 11, 0/102 HPs)
             Began as a Kobold Gladiator on Apr 17, 2019.
             Was a Believer of Ashenzari.
             Slain by a gnoll sergeant
             ... wielding a +0 spear of distortion
              (9 damage)
             ... on level 8 of the Dungeon.
             The game lasted 00:14:15 (9222 turns).

Borgoz the Slicer (Kobold Gladiator)                Turns: 9222, Time: 00:14:16

Health: 0/102      AC: 25    Str: 15    XL:     11   Next: 16%
Magic:  16/16      EV:  3    Int: 10    God:    Ashenzari [**....]
Gold:   390        SH:  0    Dex: 16    Spells: 10/10 levels left

rFire    . . .     SeeInvis .   l - +2 dagger (freeze)
rCold    . . .     Gourm    .   (shield restricted)
rNeg     + + +     Faith    .   (armour currently unavailable)
rPois    +         Spirit   .   (helmet currently unavailable)
rElec    .         Reflect  .   (cloak currently unavailable)
rCorr    +         Harm     .   (gloves currently unavailable)
MR       .....     NoTele   +   (boots currently unavailable)
Stlth    ++++......             m - amulet of rage (curse)
HPRegen  0.27/turn              h - ring of resist corrosion
MPRegen  0.15/turn              (no ring)

@: lethally poisoned (0 -> 0), tree-form, berserk cooldown, slowed, very slow
A: small, carnivore
a: Curse Item, Scrying, Renounce Religion, Evoke Berserk Rage


You were on level 8 of the Dungeon.
You worshipped Ashenzari.
Ashenzari was pleased with you.
You were full.
You were a tree.
You visited 2 branches of the dungeon, and saw 10 of its levels.

You collected 390 gold pieces.

Inventory:

Hand Weapons
 a - a +0 rapier
 l - a +2 dagger of freezing (weapon)
Armour
 b - a +0 leather armour (melded)
 c - a +0 helmet (melded)
 r - a +0 pair of gloves (melded)
Jewellery
 h - a ring of resist corrosion (left branch)
 m - a cursed amulet of rage (around neck)
 q - an uncursed amulet of harm
Wands
 d - a wand of acid (7)
 u - a wand of iceblast (12)
Scrolls
 g - 2 scrolls of remove curse
 i - a scroll of fear {unknown}
 j - 3 scrolls of magic mapping
 k - a scroll of enchant weapon
 n - a scroll of blinking
 o - a scroll of enchant armour {unknown}
 v - a scroll of amnesia
 w - a scroll of identify
Potions
 e - 4 potions of mutation
 p - a potion of flight
 s - 2 potions of lignification
 t - a potion of brilliance
 z - a potion of berserk rage
Comestibles
 f - 19 rations


   Skills:
 + Level 8.0 Fighting
 + Level 10.0 Short Blades
 - Level 2.1 Throwing
 + Level 5.8 Armour
 + Level 9.2 Dodging
 - Level 7.0 Stealth
 + Level 7.4 Evocations


You had 10 spell levels left.
You didn't know any spells.
Your spell library contained the following spells:

 Spells                   Type           Power        Failure   Level  Hunger
 Shock                    Conj/Air       #...         36%         1    ##.....
 Swiftness                Chrm/Air       #.......     50%         2    ###....
 Static Discharge         Conj/Air       #.......     75%         3    ####...
 Airstrike                Air            #.........   98%         4    #####..
 Lightning Bolt           Conj/Air       #.........   100%        5    ######.


Dungeon Overview and Level Annotations

Branches:
Dungeon (9/15)             Temple (1/1) D:7
   Lair: D:8-11         Orc: D:9-12

Altars:
Ashenzari
Cheibriados
Dithmenos
Elyvilon
Fedhas
Gozag
Hepliaklqana
Kikubaaqudgha
Nemelex Xobeh
Okawaru
Qazlal
Ru
Sif Muna
Trog
Uskayaw
Vehumet
Wu Jian
Xom
Yredelemnul
Zin
The Shining One


Innate Abilities, Weirdness & Mutations

You are small and have problems with some larger weapons.
You are carnivorous and can eat meat at any time.


Message History

You barely miss the hound zombie.
The gnoll sergeant completely misses you.
The hound zombie barely misses you.
You hit the hound zombie.
The hound zombie is lightly damaged.
The hound zombie bites you but does no damage.
The gnoll sergeant barely misses you.
You hit the hound zombie.
The hound zombie is moderately damaged.
The hound zombie bites you but does no damage.
You hit the hound zombie.
The hound zombie is moderately damaged.
You feel sick. The gnoll sergeant barely misses you.
The hound zombie bites you but does no damage.
You hit the hound zombie.
The hound zombie is heavily damaged.
The hound zombie barely misses you.
The gnoll sergeant hits you but does no damage.
Space warps horribly around you!
You die...

...g.......................
,,
..#.$..÷.......####.....###
* * ...Y)............#
*###..# ...≈.............##
,.# .....$............####*
* ..#..................# ,
* .................###.####
, ........(........(.....$.
, ......P......g.†♣##.Z...#
PP.P....###Z##....## *
PP.P..P..gyy....#y# *
,PP.Pg.P..y....##*y ,
.P.PP........#
,..P.P.P.#....# ,
PgP.P........#
.sPPP.y........* * ,
P.PPP...#.....#*


You could see a gnoll sergeant, 4 killer bees, a gnoll and a hound zombie.

Vanquished Creatures
  Pikel (D:6)
  A troll (D:7)
  Prince Ribbit (D:6)
  The ghost of Yolobob the Quickloader, an amateur GnWn (D:3)
  Grinder (D:5)
  3 wyverns
  A hungry ghost (D:5)
  Menkaure (D:4)
  2 orc warriors (D:6)
  4 ice beasts
  4 porcupines (D:8)
  2 sky beasts (D:8)
  A black bear (D:8)
  A necrophage (D:6)
  5 ogres
  10 centaurs
  2 crocodiles (D:8)
  5 bullfrogs
  5 scorpions
  A water moccasin skeleton (D:7)
  5 killer bees (D:8)
  A crimson imp (D:5)
  2 bullfrog zombies (D:5)
  A centaur zombie (D:7)
  2 jellies
  An orc priest (D:6)
  A hound (D:7)
  A centaur skeleton (D:4)
  4 iguanas
  Natasha (D:4)
  4 orc wizards
  6 worker ants
  A hound zombie (D:5)
  8 adders
  6 gnolls (D:8)
  A shadow imp (D:7)
  An ooze (D:4)
  6 worms
  2 dart slugs
  5 leopard geckos
  15 orcs
  3 giant cockroaches
  4 goblins
  9 hobgoblins
  15 jackals
  3 kobolds
  6 quokkas
  A ball python (D:1)
  13 bats
  8 frilled lizards
  A giant cockroach zombie (D:6)
  A leopard gecko skeleton (D:6)
  A quokka zombie (D:2)
  9 rats
  A spectral orc (D:6)
201 creatures vanquished.

Vanquished Creatures (others)
  A crimson imp (D:6)
  Natasha (D:4)
  An orc (D:3)
  8 goblins (D:4)
  2 hobgoblins (D:4)
  39 fungi (D:8)
  10 plants (D:8)
62 creatures vanquished.

Grand Total: 263 creatures vanquished

Notes
Turn   | Place    | Note
-------+----------+-------------------------------------------
     0 | D:1      | Borgoz the Kobold Gladiator began the quest for the Orb.
     0 | D:1      | Reached XP level 1. HP: 12/12 MP: 1/1
    72 | D:1      | Reached XP level 2. HP: 18/18 MP: 2/2
   153 | D:1      | Reached skill level 1 in Stealth
   324 | D:1      | Found a shattered altar of Ashenzari.
   326 | D:1      | Reached XP level 3. HP: 20/22 MP: 3/3
   377 | D:1      | Became a worshipper of Ashenzari the Shackled
   923 | D:2      | Found a hazy altar of Hepliaklqana.
   959 | D:2      | Reached skill level 1 in Armour
   959 | D:2      | Reached XP level 4. HP: 15/27 MP: 4/4
  1264 | D:2      | Found a stormy altar of Qazlal.
  1602 | D:2      | Reached * piety under Ashenzari
  1770 | D:3      | HP: 1/27 [orc wizard/+2 dagger of freezing (2)]
  1775 | D:3      | Reached XP level 5. HP: 1/32 MP: 5/5
  2215 | D:3      | Found a runed translucent door.
  2216 | D:3      | Noticed a bullfrog
  2218 | D:3      | Noticed Yolobob's ghost (amateur GnWn)
  2414 | D:3      | Reached skill level 5 in Short Blades
  2596 | D:3      | Killed a bullfrog
  2596 | D:3      | Reached XP level 6. HP: 37/37 MP: 6/6
  2619 | D:3      | HP: 1/55 [Yolobob's ghost (16)]
  2623 | D:3      | Killed Yolobob's ghost
  2623 | D:3      | Reached skill level 5 in Dodging
  2623 | D:3      | Reached XP level 7. HP: 1/42 MP: 7/7
  3001 | D:4      | Reached skill level 1 in Evocations
  3026 | D:4      | Reached skill level 6 in Short Blades
  3401 | D:4      | Noticed Natasha
  3403 | D:4      | Killed Natasha
  3611 | D:4      | Killed Natasha
  3616 | D:4      | Reached XP level 8. HP: 43/48 MP: 9/9
  3669 | D:4      | Reached skill level 5 in Stealth
  3684 | D:4      | Noticed Menkaure
  3688 | D:4      | Killed Menkaure
  3875 | D:5      | Entered Level 5 of the Dungeon
  4031 | D:5      | Reached skill level 5 in Fighting
  4082 | D:5      | Reached skill level 7 in Short Blades
  4308 | D:5      | Reached XP level 9. HP: 54/54 MP: 11/11
  4618 | D:6      | Noticed Grinder
  4632 | D:5      | Paralysed by Grinder for 2 turns
  4654 | D:5      | Paralysed by Grinder for 2 turns
  4663 | D:5      | Paralysed by Grinder for 2 turns
  4666 | D:5      | Killed Grinder
  5325 | D:6      | Reached ** piety under Ashenzari
  5350 | D:6      | Noticed Prince Ribbit
  5353 | D:6      | Killed Prince Ribbit
  5671 | D:6      | Reached skill level 8 in Short Blades
  5692 | D:6      | Reached skill level 5 in Evocations
  6213 | D:6      | Reached XP level 10. HP: 61/61 MP: 13/13
  6420 | D:6      | Found a basalt altar of Yredelemnul.
  6496 | D:6      | Noticed Pikel
  6518 | D:6      | Killed Pikel
  7106 | D:7      | Reached skill level 9 in Short Blades
  7434 | D:7      | Found a staircase to the Ecumenical Temple.
  7456 | D:7      | Reached skill level 5 in Armour
  7462 | Temple   | Entered the Ecumenical Temple
  8899 | D:8      | Reached XP level 11. HP: 53/68 MP: 16/16
  9207 | D:8      | Reached skill level 10 in Short Blades
  9222 | D:8      | Slain by a gnoll sergeant

Levels and vault maps discovered:
D:1:      dpeg_arrival_boxes_within_box, layout_basic, ashenzari_altar_1
D:2:      layout_basic, grunt_qazlal_sundering, old_standard_altar,
          first_ration, hangedman_abyss_or_decor_stabs, minmay_tromino_mix6
D:3:      layout_loops_cross, ebering_ghost_sewer_d
D:4:      layout_loops_ring, lemuel_old_faithful, uniq_menkaure, uniq_robin,
          uniq_natasha
D:5:      layout_rooms
D:6:      layout_basic, yredelemnul_forgotten_temple_becter, uniq_grinder,
          uniq_pikel, uniq_prince_ribbit1
D:7:      layout_layer_cave, minmay_temple_entry_stoned_glass
D:8:      layout_rooms, due_lair_maze_entry_diamond, david_nohive_1
D:9:      layout_loops_ring, makhleb_grotto_becter, uniq_joseph
Temple:   hc_temple_tempest_star

Skill      XL: |  1  2  3  4  5  6  7  8  9 10 11 |
---------------+----------------------------------+-----
Stealth        | 1 2 3 4 6 7 |  7.0
Dodging        | 4 5 6 7 8 9 |  9.2
Armour         | 1 2 3 4 5 |  5.8
Fighting       | 3 4 5 6 7 8 |  8.0
Short Blades   | 5 6 7 8 9 10 | 10.0
Evocations     | 1 3 5 7 |  7.4
Throwing       | |  2.1

Action                   |  1- 3 |  4- 6 |  7- 9 | 10-12 || total
-------------------------+-------+-------+-------+-------++-------
Melee: Rapier            |   116 |    62 |       |       ||   178
       Dagger            |       |    53 |   452 |   335 ||   840
Throw: Throwing net      |     1 |       |     5 |     1 ||     7
Invok: Curse Item        |       |       |       |     1 ||     1
 Abil: Evoke Berserk Rag |       |     1 |     2 |     9 ||    12
  Use: Scroll            |     1 |     5 |     7 |     4 ||    17
       Potion            |       |     4 |     1 |     1 ||     6
 Stab: Held in net/web   |     1 |       |     3 |     1 ||     5
       Sleeping          |       |    10 |    15 |     7 ||    32
       Invisible         |       |     2 |       |       ||     2
       Distracted        |       |       |       |     1 ||     1
  Eat: Chunk             |     7 |     6 |    24 |    15 ||    52
Armor: Leather armour    |    28 |    23 |    36 |    31 ||   118
       Skin              |       |       |       |    23 ||    23
Dodge: Dodged            |    91 |    73 |   231 |   271 ||   666

Table legend:
 A = Non-vault XP
 B = Vault XP
 C = Vault XP percentage of total XP
 D = Non-vault monster count
 E = Vault monster count
 F = Vault count percentage of total count
                 A         B        C        D         E       F
            +---------+---------+-------+---------+---------+-------
      Total |    5943 |    3081 |  34.1 |     174 |      27 |  13.4
            +---------+---------+-------+---------+---------+-------
        D:1 |      40 |       0 |   0.0 |      23 |       0 |   0.0
        D:2 |      53 |       4 |   7.0 |      26 |       3 |  10.3
        D:3 |     107 |     380 |  78.0 |      20 |       3 |  13.0
        D:4 |     534 |     202 |  27.4 |      14 |       3 |  17.6
        D:5 |     850 |     277 |  24.6 |      21 |       1 |   4.5
        D:6 |    1634 |     904 |  35.6 |      30 |       3 |   9.1
        D:7 |    1261 |       0 |   0.0 |      18 |       0 |   0.0
        D:8 |    1464 |    1314 |  47.3 |      22 |      14 |  38.9
            +---------+---------+-------+---------+---------+-------
